 Dungeon Crawl Stone Soup version 0.30-a0-715-gdb4ae3ece1 (webtiles) character file.

Game seed: 11139320883633282799

81580 ragingrage the Stormcaller (level 15, -2/98 HPs)
             Began as a Tengu Air Elementalist on Jan 25, 2023.
             Was a High Priest of Vehumet.
             Slain by a merfolk
             ... wielding a +0 glaive
             ... led by a merfolk impaler
              (25 damage)
             ... on level 2 of the Shoals.
             The game lasted 00:39:09 (35675 turns).

ragingrage the Stormcaller (TeAE)                  Turns: 35675, Time: 00:39:10

Health: -2/98      AC: 10    Str: 10    XL:     15   Next: 70%
Magic:  2/37       EV: 22    Int: 26    God:    Vehumet [*****.]
Gold:   1016       SH:  8    Dex: 17    Spells: 5/30 levels left

rFire   . . .      SeeInvis .    a - staff of air
rCold   . . .      Faith    .    W - +2 buckler
rNeg    + . .      Spirit   .    w - +2 robe {Archmagi}
rPois   +          Reflect  .    (helmet restricted)
rElec   +          Harm     .    g - +2 cloak of the Old and Reckless {Int+3 Dex-3 Slay+2}
rCorr   +          Rampage  .    U - +2 pair of gloves {infuse}
Will    +....      Archmagi +    (boots unavailable)
Stlth   ++++                     b - amulet of regeneration
HPRegen 1.16/turn                t - ring of magical power
MPRegen 0.25/turn                v - ring of Jiudghoc {rPois rN+ rCorr Int+2 Dex+5}

@: flying quickly and evasively, quick
A: beak, talons 3, nimble flight
a: Renounce Religion


You were on level 2 of the Shoals.
You worshipped Vehumet.
Vehumet was extremely pleased with you.
You visited 5 branches of the dungeon, and saw 23 of its levels.
You also visited: Ossuary and Gauntlet.

You collected 2423 gold pieces.
You spent 1407 gold pieces at shops.

Inventory:

Hand Weapons
 K - a +2 shortbow of flaming
Missiles
 l - 8 atropa-tipped darts
 N - 7 silver javelins
Armour
 g - the +2 cloak of the Old and Reckless (worn) {Int+3 Dex-3 Slay+2}
   (You found it in a Gauntlet)

   Int:       It affects your intelligence (+3).
   Dex:       It affects your dexterity (-3).
   Slay:      It affects your accuracy & damage with ranged weapons and melee
   (+2).
 k - the +1 robe "Laluh" {rPois rN+ Regen+ Str-2}
   (You found it on level 2 of the Shoals)

   Str:       It affects your strength (-2).
   rPois:     It protects you from poison.
   rN:        It protects you from negative energy.
   Regen:     It increases your rate of health regeneration.
 w - a +2 robe of the Archmagi (worn)
 T - the +4 Cigotuvi's embrace {Corpsefed rMiasma Drain rN+}
   (You found it in a Gauntlet)

   Corpsefed: It gathers nearby corpses to temporarily increase the armour it
   provides.
   rMiasma:   It protects you from foul pestilence.
   rN:        It protects you from negative energy.
   Drain:     It drains your maximum health when unequipped.
 U - a +2 pair of gloves of infusion (worn)
 V - a +1 leather armour of fire resistance
 W - a +2 buckler (worn)
Magical Staves
 a - a staff of air (weapon)
Jewellery
 b - an amulet of regeneration (around neck)
 t - a ring of magical power (left hand)
 v - the ring of Jiudghoc (right hand) {rPois rN+ rCorr Int+2 Dex+5}
   (You bought it in a shop on level 2 of the Orcish Mines)

   [ring of resist corrosion]

   Int:       It affects your intelligence (+2).
   Dex:       It affects your dexterity (+5).
   rPois:     It protects you from poison.
   rN:        It protects you from negative energy.
   rCorr:     It protects you from acid and corrosion.
 F - a ring of willpower
 P - a ring of protection from cold
Wands
 f - a wand of flame (5)
 m - a wand of paralysis (34)
 y - a wand of roots (30)
 D - a wand of polymorph (16)
 Q - a wand of light (1)
 X - a wand of digging (3)
Scrolls
 c - 4 scrolls of teleportation
 e - 5 scrolls of vulnerability
 p - 4 scrolls of fear
 r - a scroll of poison
 s - 6 scrolls of immolation
 x - a scroll of summoning {unknown}
 A - 2 scrolls of amnesia
 B - 2 scrolls of enchant weapon
 E - a scroll of fog {unknown}
 G - a scroll of enchant armour
 M - a scroll of acquirement
 O - a scroll of magic mapping
 R - a scroll of noise {unknown}
 S - 2 scrolls of blinking
Potions
 d - 2 potions of attraction
 h - 4 potions of lignification
 i - 11 potions of curing
 j - 7 potions of magic
 n - 4 potions of haste
 o - 4 potions of cancellation
 q - a potion of resistance
 u - 4 potions of brilliance
 z - 4 potions of ambrosia
 C - 4 potions of might
 H - 2 potions of invisibility
 I - 3 potions of berserk rage
 J - 2 potions of mutation
 L - 6 potions of heal wounds
Miscellaneous
 Y - a tin of tremorstones (2/2)
 Z - a lightning rod (4/4)


   Skills:
 - Level 13.0 Fighting
 - Level 12.0 Dodging
 - Level 7.0 Stealth
 - Level 7.0 Shields
 + Level 8.4 Spellcasting
 - Level 11.0 Conjurations
 - Level 4.0 Translocations
 - Level 5.0 Ice Magic
 + Level 15.4 Air Magic
 - Level 9.0 Evocations


You had 5 spell levels left.
You knew the following spells:

 Your Spells              Type           Power      Damage    Failure   Level
a - Olgreb's Toxic Radia  Pois           16%        N/A       17%         4
b - Static Discharge      Conj/Air       100%       2-7/arc   1%          2
c - Swiftness             Air            100%       N/A       1%          3
d - Airstrike             Air            58%        2d(9-25)  1%          4
e - Arcjolt               Conj/Air       54%        1d64      1%          5
f - Freezing Cloud        Conj/Ice/Air   49%        6-21      1%          5
g - Blink                 Tloc           94%        N/A       1%          2

Your spell library contained the following spells:

 Spells                   Type           Power      Damage    Failure   Level
 Ozocubu's Refrigeration  Ice            26%        4d13      85%         7
 Magic Dart               Conj           100%       1d8       1%          1
 Shock                    Conj/Air       100%       1d9       1%          1
 Lesser Beckoning         Tloc           94%        N/A       1%          2
 Momentum Strike          Conj/Tloc      100%       3d10      1%          2
 Hailstorm                Conj/Ice       68%        3d14      1%          3
 Kindle Blastsparks       Fire/Tloc/Air  100%       2d18      1%          3
 Mephitic Cloud           Conj/Pois/Air  91%        N/A       1%          3
 Vhi's Electric Charge    Tloc/Air       100%       N/A       1%          3
 Ensorcelled Hibernation  Hex/Ice        70%        N/A       3%          2
 Gell's Gravitas          Tloc           47%        N/A       4%          3
 Teleport Other           Tloc           47%        N/A       4%          3
 Ignite Poison            Fire/Tmut/Pois 16%        N/A       5%          3
 Necrotise                Necr           64%        1d7       7%          1
 Call Imp                 Summ           16%        N/A       11%         2
 Spider Form              Tmut/Pois      16%        N/A       21%         3
 Summon Guardian Golem    Hex/Summ       16%        N/A       21%         3
 Vampiric Draining        Necr           16%        2d7       21%         3
 Ice Form                 Ice/Tmut       35%        N/A       24%         4
 Anguish                  Hex/Necr       8%         N/A       56%         4
 Agony                    Necr           16%        N/A       88%         5
 Orb of Destruction       Conj           40%        9d11      17%         7
 Maxwell's Capacitive Co  Air            58%        ∞         21%         8
 Spellforged Servitor     Conj/Summ      28%        N/A       80%         7
 Simulacrum               Ice/Necr       17%        N/A       98%         6
 Polar Vortex             Ice            26%        N/A       100%        9


Dungeon Overview and Level Annotations

Branches:
Dungeon (13/15)            Temple (1/1) D:7            Lair (5/5) D:11
 Shoals (2/4) Lair:3       Spider (0/4) Lair:2        Slime (0/5) Lair:4
    Orc (2/2) D:9             Elf (0/3) Orc:2        Vaults (0/5) D:13
Ossuary (visited)         Gauntlet (visited)

Altars:
Ashenzari
Cheibriados
Dithmenos
Elyvilon
Fedhas
Gozag
Hepliaklqana
Kikubaaqudgha
Makhleb
Nemelex Xobeh
Okawaru
Qazlal
Ru
Sif Muna
Trog
Uskayaw
Vehumet
Wu Jian
Xom
Yredelemnul
Zin
The Shining One
Jiyva

Shops:
D:2 !   D:4 ?   Orc:1 *   Orc:2 !([=

Annotations:
D:8 exclusions: centaur and 2 more exclusions
D:10 1 runed translucent door


Innate Abilities, Weirdness & Mutations

You have a beak for a mouth.
You have claws for feet.
Your magical nature lets you fly swiftly and evasively.


Message History

Press: ? - help, Q - select action, (/) - cycle Dir - move target, f - merfolk
Aim: a merfolk, wielding a +0 glaive (heavily wounded, empty space bonus: 8/8)
You feel a strong surge of power!
The air twists around and strikes the merfolk.
The merfolk is heavily wounded.
The merfolk is engulfed in freezing vapours.
The merfolk completely misses you. The merfolk barely misses you.
Aiming: Airstrike (safe; 1% risk of failure)
Press: ? - help, Q - select action, (/) - cycle Dir - move target, f/p - merfolk
Aim: a merfolk, wielding a +0 glaive (heavily wounded, empty space bonus: 8/8)
You feel a strong surge of power!
The air twists around and strikes the merfolk!
The merfolk is severely wounded.
The merfolk closely misses you.
The merfolk hits you from afar with a +0 glaive.
Aiming: Airstrike (safe; 1% risk of failure)
Press: ? - help, Q - select action, (/) - cycle Dir - move target, f/p - merfolk
Aim: a merfolk, wielding a +0 glaive (severely wounded, empty space bonus: 8/8)
Okay, then.
The merfolk completely misses you. The merfolk hits you with a +0 glaive!
Casting: Airstrike (safe; 1% risk of failure)
Confirm with . or Enter, or press ? or * to list all spells.
You feel a strong surge of power!
Electricity surges outward!
The merfolk is almost dead. x2
The merfolk hits you with a +0 spear! The merfolk hits you with a +0 glaive!
Casting: Arcjolt (mildly dangerous; 1% risk of failure)
Confirm with . or Enter, or press ? or * to list all spells.
You don't have enough magic to cast this spell.
You completely miss the merfolk. You claw the merfolk, but do no damage.
You peck the merfolk, but do no damage.
The merfolk is almost dead.
The merfolk hits you with a +0 spear! The merfolk hits you with a +0 glaive!
Aiming: Throw Flame
Press: ? - help, Shift-Dir - straight line, f/p - merfolk
Aim: a merfolk, wielding a +0 glaive (almost dead, 70% to hit)
The puff of flame misses the merfolk.
The merfolk hits you with a +0 spear!
* * * LOW HITPOINT WARNING * * *
The merfolk is engulfed in a cloud of scalding steam.
The merfolk hits you with a +0 glaive!!
You die...

########################
≈≈≈≈≈≈≈≈≈≈≈≈≈≈≈≈≈≈≈≈≈≈≈≈
≈≈≈≈≈≈≈≈≈≈≈≈≈≈≈≈≈≈≈≈≈≈≈≈
≈≈≈≈≈≈≈≈≈≈≈≈≈≈≈≈≈≈≈≈≈≈≈≈
≈≈≈≈≈≈≈≈≈≈≈≈≈≈≈≈≈≈≈≈≈≈≈≈
≈≈≈≈≈≈≈≈≈≈≈≈≈≈≈≈≈≈≈≈≈≈≈≈
≈≈≈≈≈≈≈≈≈≈≈≈≈≈≈~@m§~~~~~
≈≈≈≈≈≈≈≈≈~~≈≈≈~m§§§~~§~~
≈≈≈≈≈≈≈≈~~~~~~~§§§§§§.~~
≈~~~~≈≈~~..~~~~~§§§§○...
~~.~~~~~~..~~~~~..§§§...
~~~~~.~~~~~~~~........~~
~~~~~..†~~~~......~~~~~~
~~~..~....~...###..~~~~~
≈≈≈≈. ~~~.^..... ≈≈≈≈≈~


You could see 2 merfolk.

Vanquished Creatures
  Rupert (Lair:5)
  Polyphemus (Shoals:2)
  2 krakens (Shoals:1)
  2 elemental wellsprings (Shoals:1)
  A minotaur (Gauntlet)
  2 merfolk impalers
  3 hydras
  4 vault guards (D:13)
  2 catoblepae
  2 merfolk aquamancers (Shoals:1)
  2 centaur warriors
  3 two-headed ogres
  Erica (D:9)
  3 boulder beetles
  5 death yaks
  3 orc high priests (Orc:2)
  2 sea snakes
  A skeletal warrior (D:13)
  An orb spider (Lair:2)
  2 lindwurms (Lair:2)
  A deep elf pyromancer (D:12)
  Pikel (D:6)
  4 orc sorcerers
  5 orc knights
  2 manticores
  An ugly thing (D:13)
  A cyclops (D:11)
  5 fauns
  A moth of wrath (Gauntlet)
  3 elephants (Lair:4)
  6 black mambas
  4 water nymphs (Shoals:1)
  A smoke demon (Gauntlet)
  Joseph (D:10)
  Maggie (Lair:1)
  A kobold demonologist (D:12)
  8 cane toads
  A rime drake (Lair:1)
  2 unseen horrors (D:10)
  8 komodo dragons
  A tengu conjurer (D:13)
  7 hornets
  8 merfolk
  A red devil (Gauntlet)
  3 trolls
  9 polar bears
  A wind drake (Shoals:1)
  15 blink frogs
  Prince Ribbit (Lair:1)
  2 snapping turtles
  A dream sheep (Lair:5)
  8 slime creatures
  11 spriggans (Lair:5)
  5 water elementals (Shoals:1)
  Sigmund (D:3)
  3 wraiths
  2 wyverns
  3 shadows
  29 yaks
  A steam dragon (D:9)
  5 basilisks
  3 vampire mosquitoes
  3 wargs
  Edmund (D:4)
  An acid dragon (D:10)
  17 water moccasins
  5 ice beasts
  23 orc warriors
  7 black bears
  3 ogres
  48 wolves
  4 boggarts (Lair:5)
  8 centaurs
  2 lemures (D:6)
  2 phantoms (D:5)
  3 kobold brigands
  12 bullfrogs
  2 scorpions (D:5)
  5 wights (D:9)
  12 killer bees
  2 electric eels
  6 howler monkeys
  4 crimson imps (Gauntlet)
  7 hounds
  19 orc priests
  A jelly (D:8)
  Crazy Yiuf (D:5)
  33 orc wizards
  8 mummies (Ossuary)
  14 adders
  A shadow imp (D:5)
  4 white imps
  6 worms
  5 dart slugs
  87 orcs
  7 endoplasms
  5 giant cockroaches
  2 goblins
  5 hobgoblins
  2 quokkas (D:1)
  10 ball pythons
  7 bats
  2 frilled lizards
  3 gnoll zombies (Ossuary)
  A hobgoblin zombie (Ossuary)
  15 kobolds
  A kobold zombie (Ossuary)
  3 orc zombies (Ossuary)
  3 rats
  4 tentacles (Shoals:1)
646 creatures vanquished.

Vanquished Creatures (others)
  22 demonic plants (Gauntlet)
  21 fungi
  89 plants
  12 tentacles (Shoals:1)
144 creatures vanquished.

Grand Total: 790 creatures vanquished

Notes
Turn   | Place    | Note
-------+----------+-------------------------------------------
     0 | D:1      | ragingrage the Tengu Air Elementalist began the quest for
                  | the Orb.
     0 | D:1      | Reached XP level 1. HP: 10/10 MP: 4/4
   410 | D:1      | Reached XP level 2. HP: 15/15 MP: 4/6
  1338 | D:2      | Reached XP level 3. HP: 19/19 MP: 2/7
  1680 | D:2      | Reached skill level 5 in Air Magic
  1911 | D:2      | Learned a level 2 spell: Static Discharge
  1915 | D:2      | Learned a level 3 spell: Swiftness
  2072 | D:2      | Found Nelawye's Distillery.
  2080 | D:2      | Bought a potion of heal wounds for 55 gold pieces
  2080 | D:2      | Bought a potion of degeneration for 11 gold pieces
  2145 | D:2      | Reached XP level 4. HP: 24/24 MP: 2/8
  3005 | D:3      | Noticed Sigmund
  3199 | D:4      | Found Febaf's Magic Scroll Boutique.
  3208 | D:4      | Bought a scroll of fear for 40 gold pieces
  3391 | D:3      | Gained mutation: Your magical nature lets you fly swiftly
                  | and evasively. [Tengu growth]
  3391 | D:3      | Reached XP level 5. HP: 28/28 MP: 1/9
  4214 | D:3      | Reached skill level 6 in Air Magic
  4478 | D:4      | Found a broken altar of Ashenzari.
  4481 | D:4      | Found a glowing silver altar of Zin.
  4483 | D:4      | Found a shimmering blue altar of Sif Muna.
  4501 | D:4      | Found an iron altar of Okawaru.
  4610 | D:4      | Found a glowing golden altar of the Shining One.
  4835 | D:4      | Noticed Edmund
  5240 | D:4      | Noticed a centaur
  5256 | D:4      | Reached skill level 5 in Conjurations
  5256 | D:4      | Reached XP level 6. HP: 18/32 MP: 10/10
  5434 | D:4      | Killed Edmund
  5435 | D:4      | Reached skill level 7 in Air Magic
  5435 | D:4      | Reached XP level 7. HP: 36/36 MP: 11/11
  5566 | D:5      | Entered Level 5 of the Dungeon
  5954 | D:2      | Learned a level 4 spell: Airstrike
  5958 | D:3      | Killed Sigmund
  5959 | D:3      | Reached skill level 8 in Air Magic
  6584 | D:5      | Reached XP level 8. HP: 41/41 MP: 12/12
  6633 | D:5      | Reached skill level 9 in Air Magic
  6723 | D:5      | Found a runed translucent door.
  6724 | D:5      | Noticed Crazy Yiuf
  7167 | D:5      | Reached skill level 10 in Air Magic
  7470 | D:5      | Found a hide-covered altar of Uskayaw.
  7686 | D:5      | Killed Crazy Yiuf
  7687 | D:5      | Reached skill level 1 in Fighting
  8169 | D:6      | Reached XP level 9. HP: 49/49 MP: 11/14
  8349 | D:6      | Reached skill level 5 in Stealth
  9094 | D:6      | Noticed Pikel
  9296 | D:6      | Killed Pikel
  9297 | D:6      | Reached skill level 5 in Dodging
  9752 | D:7      | Found a sand-covered staircase.
  9757 | Ossuary  | Entered an ossuary
 10228 | D:7      | Found a shimmering altar of Xom.
 10341 | D:7      | Reached XP level 10. HP: 58/58 MP: 0/18
 10602 | D:7      | Found a staircase to the Ecumenical Temple.
 10674 | Temple   | Entered the Ecumenical Temple
 10931 | D:7      | Reached skill level 5 in Spellcasting
 11292 | D:8      | Reached skill level 5 in Fighting
 11759 | D:8      | Noticed a centaur warrior
 11760 | D:8      | Noticed a manticore
 11765 | D:8      | Killed a centaur warrior
 11772 | D:8      | Noticed a centaur warrior
 12227 | D:8      | Found a snail-covered altar of Cheibriados.
 12354 | D:8      | Found a radiant altar of Vehumet.
 12494 | D:8      | Became a worshipper of Vehumet
 13555 | D:9      | Found a staircase to the Orcish Mines.
 13854 | D:9      | Reached * piety under Vehumet
 13854 | D:9      | Offered knowledge of Sandblast by Vehumet.
 14313 | D:9      | Reached XP level 11. HP: 68/68 MP: 4/19
 14451 | D:9      | Noticed Erica
 14459 | D:9      | Killed Erica
 14768 | D:10     | Entered Level 10 of the Dungeon
 15426 | D:10     | Found a runed translucent door.
 15427 | D:10     | Noticed a yaktaur captain
 15668 | D:10     | Learned a level 5 spell: Arcjolt
 15805 | D:10     | Noticed Joseph
 15809 | D:10     | Killed Joseph
 15851 | D:10     | Reached skill level 1 in Evocations
 16986 | D:11     | Offered knowledge of Momentum Strike by Vehumet.
 17015 | D:11     | Learned a level 5 spell: Freezing Cloud
 17269 | D:11     | Reached ** piety under Vehumet
 17614 | D:11     | Noticed a cyclops
 17616 | D:11     | Killed a cyclops
 17707 | D:11     | Found a staircase to the Lair.
 17851 | D:12     | Reached skill level 1 in Ice Magic
 18026 | D:12     | Noticed a boulder beetle
 18030 | D:12     | Killed a boulder beetle
 18324 | D:12     | Reached skill level 10 in Dodging
 18332 | D:12     | Reached XP level 12. HP: 76/76 MP: 4/21
 18454 | D:12     | Noticed a two-headed ogre
 18457 | D:12     | Killed a two-headed ogre
 18458 | D:12     | Reached skill level 11 in Air Magic
 18727 | D:12     | Noticed a two-headed ogre
 18730 | D:12     | Killed a two-headed ogre
 19249 | D:12     | Identified the +2 leather armour "Moydea" {Str+6 Int+2}
 19317 | D:13     | Found a gate leading to a gauntlet.
 19326 | Gauntlet | Entered a Gauntlet
 19326 | Gauntlet | Found a transporter.
 19326 | Gauntlet | Found a transporter.
 19327 | Gauntlet | Found a transporter.
 19327 | Gauntlet | Found a transporter.
 19330 | Gauntlet | Found a transporter.
 19330 | Gauntlet | Found a transporter.
 19332 | Gauntlet | Found a large runed translucent door.
 19333 | Gauntlet | Found a large runed translucent door.
 19334 | Gauntlet | Found a large runed translucent door.
 19334 | Gauntlet | Found a large runed translucent door.
 19334 | Gauntlet | Found a runed translucent door.
 19334 | Gauntlet | Found a runed translucent door.
 19335 | Gauntlet | Found a large runed translucent door.
 19336 | Gauntlet | Found a large runed translucent door.
 19337 | Gauntlet | Found a large runed translucent door.
 19337 | Gauntlet | Found a large runed translucent door.
 19338 | Gauntlet | Found a runed translucent gate.
 19338 | Gauntlet | Found a runed translucent gate.
 19338 | Gauntlet | Found a runed translucent gate.
 19340 | Gauntlet | Found a transporter.
 19344 | Gauntlet | Found a transporter.
 19354 | Gauntlet | Found a transporter.
 19359 | Gauntlet | Noticed a blizzard demon
 19387 | Gauntlet | Found a large runed translucent door.
 19387 | Gauntlet | Found a large runed translucent door.
 19388 | Gauntlet | Found a large runed translucent door.
 19389 | Gauntlet | Found a large runed translucent door.
 19390 | Gauntlet | Found a large runed translucent door.
 19390 | Gauntlet | Found a large runed translucent door.
 19391 | Gauntlet | Found a large runed translucent door.
 19392 | Gauntlet | Found a large runed translucent door.
 19458 | Gauntlet | Found a transporter.
 19460 | Gauntlet | Found a transporter.
 19470 | Gauntlet | Found a transporter.
 19475 | Gauntlet | Noticed a thrashing horror
 19630 | Gauntlet | Identified the +7 falchion "Xivuziv" {elec, rPois rC+
                  | Int-5}
 19683 | Gauntlet | Identified the +0 helmet of the Known World {Will+}
 19784 | Gauntlet | Identified the +2 cloak of the Old and Reckless {Int+3
                  | Dex-3 Slay+2}
 19803 | Gauntlet | Noticed a minotaur
 19811 | Gauntlet | Killed a minotaur
 19812 | Gauntlet | Reached skill level 10 in Conjurations
 19814 | Gauntlet | Found the +4 Cigotuvi's embrace {Corpsefed rMiasma Drain
                  | rN+}
 19818 | Gauntlet | Identified the +1 robe of Defence {rPois Will- Int+3 Dex+3}
 20030 | D:13     | Found a gate to the Vaults.
 20030 | D:13     | Noticed a boulder beetle
 20030 | D:13     | Noticed a vault guard
 20030 | D:13     | Noticed a centaur warrior
 20030 | D:13     | Noticed a vault guard
 20030 | D:13     | Noticed a vault guard
 20030 | D:13     | Noticed a vault guard
 20030 | D:13     | Noticed a two-headed ogre
 20033 | D:13     | Offered knowledge of Hailstorm by Vehumet.
 20036 | D:13     | Killed a centaur warrior
 20036 | D:13     | Killed a boulder beetle
 20036 | D:13     | Killed a two-headed ogre
 20037 | D:13     | Killed a vault guard
 20038 | D:13     | Reached skill level 5 in Evocations
 20038 | D:13     | Killed a vault guard
 20038 | D:13     | Reached *** piety under Vehumet
 20039 | D:13     | Reached skill level 12 in Air Magic
 20051 | D:13     | Killed a vault guard
 20063 | D:13     | Killed a vault guard
 20064 | D:13     | Reached skill level 10 in Fighting
 20064 | D:13     | Reached XP level 13. HP: 65/82 MP: 6/24
 20310 | Lair:1   | Entered Level 1 of the Lair of Beasts
 20439 | Lair:1   | Noticed Prince Ribbit
 20632 | Lair:1   | Reached skill level 5 in Ice Magic
 20890 | Lair:1   | Offered knowledge of Fulminant Prism by Vehumet.
 21248 | Lair:2   | Reached skill level 13 in Air Magic
 21473 | Lair:2   | Found a hole to the Spider Nest.
 21817 | Lair:2   | Reached **** piety under Vehumet
 21933 | Lair:2   | Reached skill level 14 in Air Magic
 22645 | Lair:2   | Reached skill level 1 in Shields
 23835 | Lair:3   | Reached skill level 15 in Air Magic
 24048 | Lair:3   | Found a staircase to the Shoals.
 24443 | Lair:3   | Offered knowledge of Olgreb's Toxic Radiance by Vehumet.
 24449 | Lair:3   | Learned a level 4 spell: Olgreb's Toxic Radiance
 24821 | Lair:4   | Reached XP level 14. HP: 88/88 MP: 27/27
 24950 | Lair:4   | Found a staircase to the Slime Pits.
 24954 | Lair:4   | Found a viscous altar of Jiyva.
 25999 | Lair:5   | Entered Level 5 of the Lair of Beasts
 26078 | Lair:5   | Noticed Rupert
 26091 | Lair:5   | Killed Rupert
 26092 | Lair:5   | Reached skill level 5 in Shields
 26540 | Lair:5   | Found a shadowy altar of Dithmenos.
 27253 | Lair:5   | Reached ***** piety under Vehumet
 27276 | Lair:5   | Offered knowledge of Flame Wave by Vehumet.
 28926 | Lair:1   | Noticed Maggie
 28932 | Lair:1   | Killed Maggie
 28971 | Lair:1   | Killed Prince Ribbit
 29293 | Lair:1   | Identified a scroll of acquirement
 29535 | Orc:1    | Entered Level 1 of the Orcish Mines
 29661 | Orc:1    | You are sucked into a shaft and drop 1 floor!
 29661 | Orc:2    | Entered Level 2 of the Orcish Mines
 30033 | Orc:1    | Found Onwoliot's Overcharged Wands.
 30733 | Orc:2    | Offered knowledge of Ozocubu's Refrigeration by Vehumet.
 31170 | Orc:2    | Reached XP level 15. HP: 97/97 MP: 8/28
 31327 | Orc:2    | Learned a level 2 spell: Blink
 31657 | Orc:2    | Found a staircase to the Elven Halls.
 31767 | Orc:2    | Reached skill level 1 in Translocations
 32151 | Orc:2    | Found Kenoes's Jewellery Shop.
 32151 | Orc:2    | Found Ympimp's Armour Emporium.
 32153 | Orc:2    | Found Entefy's Weapon Shop.
 32153 | Orc:2    | Found Kaec's Distillery.
 32159 | Orc:2    | Bought the ring of Jiudghoc {rPois rN+ rCorr Int+2 Dex+5}
                  | for 701 gold pieces
 32171 | Orc:2    | Bought a potion of heal wounds for 75 gold pieces
 32171 | Orc:2    | Bought a potion of curing for 45 gold pieces
 32171 | Orc:2    | Bought a potion of brilliance for 60 gold pieces
 32178 | Orc:2    | Bought an amulet of regeneration for 420 gold pieces
 32459 | Shoals:1 | Entered Level 1 of the Shoals
 32459 | Shoals:1 | Noticed a kraken
 32468 | Shoals:1 | Killed a kraken
 33804 | Shoals:1 | Identified the +6 hand axe "Zaess" {drain, rN+ Str+6 Int-5}
 33931 | Shoals:1 | Noticed a kraken
 33954 | Shoals:1 | Killed a kraken
 34567 | Shoals:2 | Noticed Polyphemus
 35081 | Shoals:2 | Identified the +1 robe "Laluh" {rPois rN+ Regen+ Str-2}
 35200 | Shoals:2 | Killed Polyphemus
 35675 | Shoals:2 | Slain by a merfolk

Illustrated notes

Levels and vault maps discovered:
D:1:      co_arrival_random_square_maze, layout_loops_ring,
          grunt_decor_mini_mirrors
D:2:      wad_pebble_path, layout_basic, serial_shops, shop
D:3:      minmay_spotlight, layout_loops_corners, uniq_sigmund
D:4:      minmay_diamond_boxcup, layout_gridville, mainiacjoe_overflow_brackets,
          mainiacjoe_overflow_surrounded_room, nicolae_overflow_hidden_temple,
          nicolae_stop_n_shop_2, guppyfry_early_lair_pool, uniq_edmund
D:5:      layout_gridville, mainiacjoe_overflow_boulevard,
          uniq_crazy_yiuf_cottage
D:6:      layout_cave_pools, grunt_ministairs_2, uniq_pikel
D:7:      layout_gridville, mainiacjoe_overflow_alcove_4,
          minmay_temple_entry_proselytizer, enter_ossuary_2
D:8:      wad_arrow_thing, layout_loops_ring, mainiacjoe_overflow_alcove_1,
          mainiacjoe_overflow_catwalk, hex_tiny, kennysheep_small_square
D:9:      layout_gridville, minmay_orc_entry_temple_small, uniq_erica
D:10:     layout_long_grid, minivault_13, uniq_joseph
D:11:     layout_long_grid, lair_entry_dummy
D:12:     layout_grid_maze
D:13:     layout_long_grid, lightli_vaults_fourway_checkpoint,
          gammafunk_ghost_nasty_kobolds, gauntlet_entry_generic,
          nicolae_shop_gadgets
Temple:   compressed_dpeg_triangle_lava_temple
Lair:1:   beast_lair_carwin_large_4, layout_regular_city, grunt_megastairs_5,
          lemuel_fruit_tree, uniq_maggie, uniq_prince_ribbit2
Lair:2:   cheibrodos_lair_overgrown_chateau, layout_cave_pods,
          nicolae_spider_entry_orb_guardian
Lair:3:   layout_gridlike, minmay_shoals_entry_centaurs, nicolae_lair_lil_pond,
          infiniplex_staircase_pool_2, grunt_megastairs_1, serial_bayou_shore_b
Lair:4:   layout_cave_pods, slime_entry_1, minivault_11, serial_bayou_shore_a,
          serial_bayou_shore_b
Lair:5:   minmay_lair_end_enchanted_forest, layout_gridlike, basic_altar,
          grunt_forest_stairs_basic, serial_bayou_pond_d,
          nicolae_quartered_pool_impasse, uniq_rupert
Shoals:1: layout_shoals, nicolae_shoals_lost_giant_pillars,
          nicolae_shoals_spring_well_temple
Shoals:2: layout_shoals, uniq_polyphemus
Orc:1:    layout_caves, nicolae_shop_overcharged_wands
Orc:2:    grunt_orc_tribal_feast, layout_diamond_mine

Skill      XL: |  1  2  3  4  5  6  7  8  9 10 11 12 13 14 15 |
---------------+----------------------------------------------+-----
Conjurations   | 2 3 4 5 6 7 8 9 10 11 | 11.0
Air Magic      | 5 6 7 8 10 12 15 | 15.4
Stealth        | 3 4 6 7 |  7.0
Fighting       | 2 4 7 9 10 12 13 | 13.0
Dodging        | 3 5 8 10 11 12 | 12.0
Spellcasting   | 3 4 5 7 8 |  8.4
Evocations     | 3 5 6 9 |  9.0
Ice Magic      | 1 4 5 |  5.0
Shields        | 4 7 |  7.0
Translocations | 4 |  4.0

Action                     |  1- 3 |  4- 6 |  7- 9 | 10-12 | 13-15 || total
---------------------------+-------+-------+-------+-------+-------++-------
  Melee: Unarmed           |    20 |       |       |       |       ||    20
         Peck              |     4 |     3 |    10 |    11 |     3 ||    31
         Kick              |     5 |     8 |    20 |    16 |     6 ||    55
         Dagger            |     3 |    37 |    49 |    29 |       ||   118
         Staff             |       |       |       |    10 |    14 ||    24
         Falchion          |       |       |       |       |     4 ||     4
   Cast: Shock             |    75 |   108 |    25 |     3 |       ||   211
         Static Discharge  |       |     4 |    11 |    12 |     1 ||    28
         Airstrike         |       |       |   102 |   166 |   492 ||   760
         Swiftness         |       |       |       |     1 |       ||     1
         Arcjolt           |       |       |       |    38 |    71 ||   109
         Freezing Cloud    |       |       |       |       |    17 ||    17
  Evoke: Wand              |       |       |     2 |     4 |    14 ||    20
    Use: Potion            |       |     5 |     1 |     2 |     2 ||    10
         Scroll            |       |     2 |     4 |     7 |     7 ||    20
   Stab: Sleeping          |       |     2 |       |     2 |     1 ||     5
 Armour: Robe              |     3 |     7 |    11 |    15 |    13 ||    49
         Skin              |       |    35 |       |       |       ||    35
  Dodge: Dodged            |    23 |    47 |    64 |   103 |   101 ||   338
  Block: Kite shield       |       |       |       |       |     9 ||     9
         Buckler           |       |       |       |       |    21 ||    21

Table legend: (Time is in decaauts)
 A = Elapsed time spent in this place.
 B = Non-inter-level travel time spent in this place.
 C = Inter-level travel time spent in this place.
 D = Time resting spent in this place.
 E = Time spent auto-exploring this place.
 F = Levels seen in this place.
 G = Mean time per level.
                   A        B        C        D        E       F      G
               +--------+--------+--------+--------+--------+-----+--------+
         Total |  34193 |  32334 |   1859 |  10991 |  17457 |  25 | 1367.7 |
       Dungeon |  18737 |  17506 |   1231 |   6012 |   9428 |  13 | 1441.3 |
        Temple |    217 |    210 |      7 |      0 |    189 |   1 |  217.0 |
          Lair |   8770 |   8397 |    373 |   2775 |   4763 |   5 | 1754.0 |
        Shoals |   2956 |   2840 |    116 |   1115 |   1340 |   2 | 1478.0 |
  Orcish Mines |   2627 |   2498 |    129 |    736 |   1492 |   2 | 1313.5 |
       Ossuary |    327 |    327 |      0 |    116 |    123 |   1 |  327.0 |
      Gauntlet |    557 |    557 |      0 |    236 |    120 |   1 |  557.0 |
               +--------+--------+--------+--------+--------+-----+--------+

Top non-repeatable levels by time:
  Lair:5: 2528 daAuts
  Lair:2: 2489 daAuts
Shoals:1: 2029 daAuts
     D:3: 1903 daAuts
     D:8: 1866 daAuts
   Orc:2: 1853 daAuts
     D:2: 1852 daAuts
    D:10: 1848 daAuts
     D:5: 1731 daAuts
     D:9: 1660 daAuts
    D:12: 1431 daAuts
     D:4: 1413 daAuts
     D:1: 1333 daAuts
  Lair:4: 1285 daAuts
     D:6: 1278 daAuts
